 Dungeon Crawl Stone Soup version 0.19.0 (webtiles) character file.

88 Dipster the Skirmisher (level 4, -6/31 HPs)
             Began as a Gargoyle Wanderer on Nov 3, 2016.
             Killed by divine providence
             ... invoked by an orc priest
              (11 damage)
             ... on level 2 of the Dungeon.
             The game lasted 00:04:34 (2512 turns).

Dipster the Skirmisher (Gargoyle Wanderer)          Turns: 2512, Time: 00:04:35

Health: -6/31      AC:  6    Str: 16    XL:     4   Next: 53%
Magic:  5/5        EV: 11    Int: 11    God:
Gold:   98         SH:  0    Dex: 11    Spells: 0 memorised, 3 levels left

rFire  . . .     SeeInvis .     G - +0 flail
rCold  . . .     Gourm    .     m - +0 leather armour (curse)
rNeg   + . .     Faith    .     (no shield)
rPois  ∞         Spirit   .     (no helmet)
rElec  +         Reflect  .     (no cloak)
rCorr  .         Harm     .     (no gloves)
MR     .....                    (no boots)
Stlth  +.........               (no amulet)
                                (no ring)
                                (no ring)

@: no status effects
A: negative energy resistance 1, electricity resistance, unbreathing,
petrification resistance, rot immunity, AC +3
a: no special abilities


You were on level 2 of the Dungeon.
You were not hungry.

You visited 1 branch of the dungeon, and saw 3 of its levels.

You collected 98 gold pieces.

Inventory:

Hand Weapons
 f - a +0 club
 j - a +0 hunting sling
 o - a +0 mace
 G - a +0 flail (weapon)
Missiles
 i - 86 stones
 s - 13 poisoned needles
 D - 4 tomahawks (quivered)
Armour
 e - a +0 robe
 m - a cursed +0 leather armour (worn)
Jewellery
 n - a cursed -2 ring of intelligence {unknown}
 t - an uncursed ring of wizardry {unknown}
 u - an uncursed ring of positive energy {unknown}
Wands
 v - a wand of random effects (6/48)
 x - a wand of enslavement (11/24)
 z - a wand of heal wounds (5/9)
Scrolls
 a - a scroll of blinking
 d - a scroll of teleportation
 h - 5 scrolls of remove curse {unknown}
 k - 2 scrolls of noise {unknown}
 q - 2 scrolls of amnesia {unknown}
 r - a scroll of random uselessness {unknown}
 w - a scroll of identify {unknown}
 y - a scroll of fog {unknown}
 A - a scroll of immolation {unknown}
 F - a scroll of enchant armour {unknown}
Potions
 b - a potion of haste
 c - a potion of lignification
 l - a potion of heal wounds {unknown}
 p - a potion of cancellation
 C - a potion of degeneration {unknown}
Comestibles
 g - 4 bread rations
 B - a meat ration
 E - 4 fruits


   Skills:
 - Level 5.4 Fighting
 + Level 4.0 Maces & Flails
   Level 1.0 Crossbows
 - Level 2.0 Unarmed Combat
 - Level 1.7 Evocations


You had 3 spell levels left.
You didn't know any spells.

Dungeon Overview and Level Annotations

Branches:
Dungeon (3/15)

Altars:
Okawaru
Zin

Annotations:
D:2 Natasha


Innate Abilities, Weirdness & Mutations

You are resistant to torment.
Your stone body is resilient. (AC +3)
You are immune to poison.
You resist negative energy. (rN+)
You are resistant to electric shocks. (rElec)
You can survive without breathing.
You are immune to petrification.
You are immune to rotting.


Message History

The crimson imp blinks!
The goblin barely misses you.
You climb upwards.
There is a stone staircase leading down here.
Okay, then.
You barely miss the orc priest.
The orc priest is almost dead.
Natasha barely misses you. The goblin hits you but does no damage.
The orc priest looks satisfied for a moment.
Natasha claws you but does no damage. The goblin hits you but does no damage.
The orc priest hits you with a flail.
* * * LOW HITPOINT WARNING * * *
It was a potion of cancellation.
Your magical effects are unravelling.
You feel magically purged.
You feel yourself speed up. Natasha claws you but does no damage.
The goblin hits you with a dagger.
* * * LOW HITPOINT WARNING * * *
The orc priest calls down the wrath of Beogh upon you.
Beogh smites you!
You die...

#.#######
#...............#
#.#.....#
#..############.#
#.#.....###.....# ##.##
#.#.........###.# #...#
#.#.....##..# #.# #.###
#.#.######..# #.# #.#
#.#.######..# #.###### ###
##.#....[.#..###o##...#
...............h@##...#??#
..........#.####.g'._.#..#
.....###..#.# #..#...#..#
..<....#..#.# #[##...# ##
...#.#.#..#.# #.######
.[.#...#..#.# #.###
...##..#..#.####.#.####
####...............#..#
.......#.....###...#..#


You could see an orc priest, Natasha and a goblin.

Vanquished Creatures
  An adder (D:2)
  A worm (D:2)
  4 dart slugs (D:1)
  4 leopard geckos
  3 orcs (D:2)
  A giant cockroach (D:2)
  4 goblins
  8 hobgoblins
  3 jackals (D:2)
  2 quokkas (D:2)
  8 bats
  4 frilled lizards
  5 kobolds
  12 rats
60 creatures vanquished.

Notes
Turn   | Place    | Note
-------+----------+-------------------------------------------
     0 | D:1      | Dipster the Gargoyle Wanderer began the quest for the Orb.
     0 | D:1      | Dipster set off with: a scroll of blinking, a potion of haste, a potion of lignification, a scroll of teleportation, a +0 robe, a +0 club, a bread ration
     0 | D:1      | Reached XP level 1. HP: 16/16 MP: 2/2
   160 | D:1      | Reached skill level 1 in Maces & Flails
   231 | D:1      | Reached XP level 2. HP: 21/21 MP: 3/3
   492 | D:1      | Reached XP level 3. HP: 8/26 MP: 4/4
  1251 | D:2      | Found an iron altar of Okawaru.
  1472 | D:2      | Reached XP level 4. HP: 24/31 MP: 5/5
  2109 | D:2      | Found a glowing silver altar of Zin.
  2502 | D:3      | Noticed Natasha
  2512 | D:2      | Killed from afar by an orc priest

Skill      XL: |  1  2  3  4 |
---------------+-------------+-----
Maces & Flails | 1 2 3 4 |  4.0
Fighting       | |  5.4
Crossbows      | |  1.0
Unarmed Combat | |  2.0
Evocations     | |  1.7

Action                   |  1- 3 |  4- 6 || total
-------------------------+-------+-------++-------
Melee: Club              |     2 |       ||     2
       Mace              |    70 |    58 ||   128
       Flail             |       |     7 ||     7
 Fire: Hunting sling     |    69 |       ||    69
  Use: Potion            |       |     1 ||     1
 Stab: Sleeping          |       |     1 ||     1
  Eat: Chunk             |     1 |     4 ||     5
Armor: Leather armour    |    57 |    14 ||    71
       Robe              |     2 |       ||     2
Dodge: Dodged            |    75 |    37 ||   112
